 Dungeon Crawl Stone Soup version 0.23.2-30-g0e89c35649 (webtiles) character file.

Game seed: 16925273503510103358

636 troglodite the Skirmisher (level 7, 0/72 HPs)
             Began as an Ogre Skald on June 24, 2019.
             Slain by a sky beast (5 damage)
             ... on level 5 of the Dungeon.
             The game lasted 00:17:03 (4300 turns).

troglodite the Skirmisher (Ogre Skald)              Turns: 4300, Time: 00:17:04

Health: 0/72       AC:  6    Str: 16    XL:     7   Next: 50%
Magic:  7/12       EV: 10    Int: 16    God:
Gold:   136        SH:  0    Dex:  8    Spells: 6/13 levels left

rFire    . . .     SeeInvis .   e - +2 spear (freeze)
rCold    . . .     Gourm    .   (no shield)
rNeg     . . .     Faith    .   b - +0 robe
rPois    .         Spirit   .   (helmet restricted)
rElec    .         Reflect  .   (no cloak)
rCorr    .         Harm     .   (gloves unavailable)
MR       .....                  (boots unavailable)
Stlth    +.........             u - amulet of rage
HPRegen  0.22/turn              o - +3 ring of protection
MPRegen  0.13/turn              (no ring)

@: very slightly contaminated
A: large, unfitting armour, tough skin 1
a: Evoke Berserk Rage


You were on level 5 of the Dungeon.
You were not hungry.

You visited 1 branch of the dungeon, and saw 5 of its levels.

You collected 136 gold pieces.

Inventory:

Hand Weapons
 e - a +2 spear of freezing (weapon)
 j - a +3 spear
 z - a +0 giant spiked club
Armour
 b - a +0 robe (worn)
 g - a +0 large shield
Jewellery
 o - a +3 ring of protection (left hand)
 u - an amulet of rage (around neck)
Wands
 s - a wand of paralysis (7)
Scrolls
 c - 2 scrolls of amnesia {unknown}
 i - a scroll of enchant weapon {unknown}
 m - 3 scrolls of remove curse
 p - 5 scrolls of teleportation {unknown}
 q - 2 scrolls of fear {unknown}
 t - a scroll of blinking {unknown}
 x - a scroll of immolation {unknown}
 y - a scroll of identify
Potions
 a - a potion of magic
 f - a potion of flight {unknown}
 h - 2 potions of invisibility
 k - a potion of cancellation {unknown}
 l - 2 potions of resistance
 n - 2 potions of berserk rage
 r - a potion of heal wounds {unknown}
 v - a potion of brilliance {unknown}
Comestibles
 d - 6 rations
 w - 5 chunks of flesh


   Skills:
 * Level 5.5 Fighting
 + Level 4.4 Polearms
 - Level 2.1 Dodging
 * Level 1.0 Shields
 * Level 3.8 Spellcasting
 * Level 1.6 Hexes
 * Level 4.1 Charms
 * Level 1.5 Necromancy


You had 6 spell levels left.
You knew the following spells:

 Your Spells              Type           Power        Failure   Level  Hunger
a - Infusion              Chrm           ###.         3%          1    None
b - Regeneration          Chrm/Necr      ##........   16%         3    ###....
c - Spectral Weapon       Hex/Chrm       ##......     16%         3    ###....

Your spell library contained the following spells:

 Spells                   Type           Power        Failure   Level  Hunger
 Song of Slaying          Chrm           ###.....     4%          2    ##.....
 Shroud of Golubria       Chrm/Tloc      #.........   11%         2    ##.....


Dungeon Overview and Level Annotations

Branches:
Dungeon (5/15)
 Temple: D:4-7

Altars:
Ashenzari
Cheibriados
Elyvilon
Ru
Wu Jian
Zin
The Shining One


Innate Abilities, Weirdness & Mutations

You are too large for most types of armour.
You have tough skin. (AC +1)


Message History

Your spectral weapon hits the sky beast but does no damage.
The sky beast hits you but does no damage.
You closely miss the sky beast.
The sky beast is moderately wounded.
Your spectral weapon barely misses the sky beast.
The sky beast barely misses you.
You hit the sky beast. You freeze the sky beast.
The sky beast is moderately wounded.
Your spectral weapon hits the sky beast from afar.
Your spectral weapon freezes the sky beast.
The sky beast flickers out of sight!
Deactivating autopickup; reactivate with Ctrl-A.
Something hits you.
* * * LOW HITPOINT WARNING * * *
Something shocks you.
* * * LOW HITPOINT WARNING * * *
You hit something. You freeze something. Something hits you.
* * * LOW HITPOINT WARNING * * *
Something shocks you.
You die...

.####.# #.# ....# #.......... .
###.###.# #...#...... .
#.......# #...#...... .
#.#.##..## #########...#......
#.#.##...####...........#......
# ..##......+...........+..##.#
##.##...####...........##..#..
#.##......#..(.......####.#..
#.##....#.#.@{....?..# ....
####.##÷...#.##########.......
.......÷..##<. ........
..........# #.# .......
.......#### .# ......# .......
## ##.#### ##..... .# #..... .#
#.....


You could see a friendly spectral +2 spear of freezing.

Vanquished Creatures
  A sky beast (D:5)
  2 ogres
  A scorpion (D:4)
  A crimson imp (D:5)
  2 orc priests
  3 worker ants (D:4)
  A hound skeleton (D:4)
  7 adders
  4 oozes
  An adder skeleton (D:4)
  2 worms
  2 dart slugs
  6 orcs
  4 giant cockroaches
  4 goblins
  4 hobgoblins
  4 jackals (D:2)
  2 quokkas (D:5)
  2 ball pythons
  8 bats
  4 frilled lizards
  A jackal skeleton (D:4)
  8 kobolds
  A leopard gecko skeleton (D:4)
  2 quokka skeletons (D:4)
  6 rats
83 creatures vanquished.

Vanquished Creatures (others)
  A spectral weapon (D:3)
1 creature vanquished.

Grand Total: 84 creatures vanquished

Notes
Turn   | Place    | Note
-------+----------+-------------------------------------------
     0 | D:1      | troglodite the Ogre Skald began the quest for the Orb.
     0 | D:1      | Reached XP level 1. HP: 22/22 MP: 3/3
   301 | D:1      | Reached XP level 2. HP: 23/29 MP: 5/5
   650 | D:1      | Reached skill level 3 in Fighting
   662 | D:1      | Reached XP level 3. HP: 36/37 MP: 7/7
   954 | D:2      | Found a sacrificial altar of Ru.
   955 | D:2      | Found a snail-covered altar of Cheibriados.
   955 | D:2      | Found a shattered altar of Ashenzari.
  1018 | D:2      | Found a glowing silver altar of Zin.
  1402 | D:2      | Reached XP level 4. HP: 36/45 MP: 8/8
  1517 | D:2      | Found an ornate altar of the Wu Jian Council.
  1654 | D:2      | Found a glowing golden altar of the Shining One.
  2192 | D:3      | Reached XP level 5. HP: 32/54 MP: 9/9
  2201 | D:3      | Learned a level 3 spell: Regeneration
  2205 | D:3      | Learned a level 3 spell: Spectral Weapon
  2274 | D:3      | Reached skill level 4 in Fighting
  2587 | D:3      | Found a white marble altar of Elyvilon.
  3114 | D:4      | Noticed an ogre
  3122 | D:4      | Killed an ogre
  3122 | D:4      | Reached XP level 6. HP: 63/63 MP: 7/11
  3236 | D:4      | Reached skill level 1 in Necromancy
  3338 | D:4      | Reached skill level 1 in Hexes
  3905 | D:5      | Entered Level 5 of the Dungeon
  4166 | D:5      | Reached skill level 5 in Fighting
  4224 | D:5      | Noticed a sky beast
  4234 | D:5      | Reached XP level 7. HP: 36/72 MP: 8/12
  4244 | D:5      | Reached skill level 1 in Shields
  4300 | D:5      | Slain by a sky beast

Skill      XL: |  1  2  3  4  5  6  7 |
---------------+----------------------+-----
Charms         | 3 4 |  4.1
Fighting       | 3 4 5 |  5.5
Spellcasting   | 3 |  3.8
Polearms       | 3 4 |  4.4
Necromancy     | 1 |  1.5
Hexes          | 1 |  1.6
Shields        | 1 |  1.0
Dodging        | |  2.1

Action                   |  1- 3 |  4- 6 |  7- 9 || total
-------------------------+-------+-------+-------++-------
Melee: Spear             |   105 |   195 |    14 ||   314
 Cast: Spectral Weapon   |       |     5 |     1 ||     6
  Use: Scroll            |       |     5 |       ||     5
  Eat: Chunk             |     1 |     7 |       ||     8
       Ration            |       |     1 |       ||     1
Armor: Robe              |    23 |    70 |     4 ||    97
Dodge: Dodged            |    56 |    94 |     7 ||   157
